 Dungeon Crawl Stone Soup version 0.32-a0-120-gfac0567ad4 (webtiles) character file.

Game seed: 15374359187169473646

3663 IdlyInterested the Slicer (level 9, -1/63 HPs)
             Began as a Demonspawn Fighter on Feb 6, 2024.
             Succumbed to Erica's bolt of poison
             ... on level 8 of the Dungeon.
             The game lasted 00:25:42 (7265 turns).

IdlyInterested the Slicer (Demonspawn Fighter)      Turns: 7265, Time: 00:25:43

Health: -1/63      AC: 12    Str: 18 (19) XL:     9   Next: 89%
Magic:  3/13       EV: 10    Int:  6 (8)  God:
Gold:   382        SH: 11    Dex: 20 (21) Spells: 14/14 levels left

rFire   . . .        U - +2 short sword (speed)
rCold   + . .        z - +0 kite shield
rNeg    . . .        K - +1 scale mail {rC+}
rPois   .            x - +2 helmet
rElec   .            (no cloak)
rCorr   .            N - +0 pair of gloves
SInv    .            (no boots)
Will    ++...        (no amulet)
Stlth   +            r - ring of willpower
HPRegen 0.30/turn    b - +6 ring of dexterity
MPRegen 0.26/turn

%: guardian spirit
@: brilliant, lethally poisoned (-1 -> -22), enlightened, flying, constricted
A: hooves 1, repulsion field 2, powered by pain 1, magic shield, magic
regeneration
a: no special abilities


You were on level 8 of the Dungeon.
You visited 2 branches of the dungeon, and saw 9 of its levels.

You collected 382 gold pieces.

Inventory:

Hand Weapons
 a - a +0 rapier
 d - a +1 short sword of venom
 B - a +2 short sword of distortion
 C - a +0 rapier
 R - a +3 scimitar
 S - a +3 short sword of freezing
 T - a +1 dagger of venom
 U - a +2 short sword of speed (weapon)
Missiles
 f - 46 stones (quivered)
 j - 38 poisoned darts
 k - 6 silver javelins
 q - 15 boomerangs
 E - 6 curare-tipped darts
 F - 2 throwing nets
 G - 2 javelins
 P - 4 atropa-tipped darts
Armour
 c - a +0 buckler
 l - a +0 leather armour
 m - a +0 robe
 x - a +2 helmet (worn)
 z - a +0 kite shield (worn)
 K - a +1 scale mail of cold resistance (worn)
 N - a +0 pair of gloves (worn)
 Q - a +1 hat
Jewellery
 b - a +6 ring of dexterity (right hand)
 i - an amulet of guardian spirit
 r - a ring of willpower (left hand)
 u - a ring of positive energy
 L - a ring of willpower
Wands
 y - a wand of charming (15)
 A - a wand of flame (20)
 D - a wand of mindburst (26)
Scrolls
 o - a scroll of poison
 p - a scroll of vulnerability
 v - 2 scrolls of enchant armour
 w - a scroll of silence
 H - a scroll of blinking
 M - a scroll of teleportation
 O - 2 scrolls of fog
Potions
 h - a potion of heal wounds {unknown}
 n - a potion of mutation {unknown}
 s - a potion of attraction {unknown}
 t - a potion of haste {unknown}
 I - a potion of curing
 J - a potion of resistance {unknown}


   Skills:
 - Level 3.0 Fighting
 * Level 9.6 Short Blades
 + Level 2.8 Throwing
 - Level 3.0 Armour
 - Level 3.4 Dodging
 - Level 2.0 Stealth
 + Level 6.6 Shields
 - Level 3.0 Spellcasting
 - Level 2.0 Evocations


You had 14 spell levels left.
You didn't know any spells.
Your spell library contained the following spells:

 Spells                   Type           Power      Damage    Failure   Level
 Magic Dart               Conj           4%         1d3       95%         1
 Searing Ray              Conj           2%         2d4       99%         2
 Gell's Gravitas          Tloc           1%         N/A       100%        3
 Teleport Other           Tloc           1%         N/A       100%        3
 Fulminant Prism          Conj/Alch      0%         3d5       100%        4
 Dispersal                Tloc           0%         N/A       100%        6


Dungeon Overview and Level Annotations

Branches:
Dungeon (8/15)             Temple (1/1) D:5
   Lair: D:8-11

Altars:
Ashenzari
Dithmenos
Fedhas
Gozag
Hepliaklqana
Kikubaaqudgha
Makhleb
Nemelex Xobeh
Okawaru
Qazlal
Sif Muna
Trog
Uskayaw
Vehumet
Xom
Yredelemnul

Annotations:
D:8 Erica


Innate Abilities, Weirdness & Mutations

You have large cloven feet.
You are surrounded by a moderate repulsion field. (EV +3)
You sometimes gain a little power by taking damage.
When hurt, damage is shared between your health and your magic reserves.
You regenerate magic rapidly.


Message History

As you read the scroll of fog, it dissolves into smoke.
You miss something. Your kick misses something. You puncture something!
Your kick misses something. Something hits you. Something burns you.
Something grabs you.
You are constricted.
You closely miss something. You kick something. Something hits you.
Something burns you.
You are constricted.
You hit something. Your kick misses something. You puncture something!
You miss something. You kick something. The lemure barely misses you.
Something hits you. Something burns you.
You are constricted.
You hit something. You barely miss something. You kick something.
Something hits you!
You focus on the pain.
You feel your power returning. Something burns you.
You are constricted.
You block the lemure's attack.
You barely miss something. You closely miss something.
Something completely misses you.
You are constricted.
The lemure hits you but does no damage.
You hit something. You puncture something! You kick something.
You block the lemure's attack. The lemure hits you but does no damage.
You hear some strange, mumbled words.
A bolt of poison appears from out of thin air!
The bolt of poison hits you!!
You are poisoned.
* * * LOW HITPOINT WARNING * * *
You are constricted.
* * * LOW HITPOINT WARNING * * *
It was a potion of brilliance.
You feel clever all of a sudden.
* * * LOW HITPOINT WARNING * * *
You feel very sick.
The lemure hits you but does no damage. x2; Something hits you.
Something burns you.
* * * LOW HITPOINT WARNING * * *
You are constricted.
* * * LOW HITPOINT WARNING * * *
It was a potion of enlightenment.
You feel very buoyant.
You fly up into the air.
You die...

#....###### ...
#..........
######....######..........
.....#.............5......
.....# ............{.5....
####.# .......§§##########
...#'#####....§§#§§.#
...'.....#...§§{#§§§#
...#.....#....§5@§.§#
...#######....§5#####
.####.......).###
.#..#.........#
.+..#.......[.#
.##'#......)..#
..........##)######
......>...#..#....#
..........#..'....#


You could see 2 lemures.

Vanquished Creatures
  The ghost of jasper the Skirmisher, a novice BaHs of Okawaru (D:6)
  A kobold demonologist (D:6)
  Sigmund (D:2)
  A steam dragon (D:7)
  2 water moccasins (D:5)
  2 black bears
  A sky beast (D:7)
  2 ice beasts
  2 centaurs
  A phantom (D:6)
  7 kobold brigands (D:6)
  Blork the orc (D:4)
  A bullfrog (D:6)
  A scorpion (D:4)
  5 wights (D:6)
  3 bombardier beetles
  4 hounds
  2 orc priests (D:7)
  3 jellies
  A sleepcap (D:5)
  2 iguanas
  7 orc wizards
  Robin (D:3)
  17 adders
  A shadow imp (D:8)
  3 white imps
  4 ufetubi
  2 ribbon worms
  25 orcs
  7 ball pythons
  6 endoplasms
  5 giant cockroaches
  16 goblins
  8 hobgoblins
  3 jackals (D:4)
  9 kobolds
  9 bats
  4 frilled lizards
  7 rats
178 creatures vanquished.

Notes
Turn   | Place    | Note
-------+----------+-------------------------------------------
     0 | D:1      | IdlyInterested the Demonspawn Fighter began the quest for
                  | the Orb.
     0 | D:1      | Reached XP level 1. HP: 18/18 MP: 1/1
    56 | D:1      | Reached skill level 2 in Short Blades
    60 | D:1      | Gained mutation: You regenerate magic rapidly. [demonic
                  | ancestry]
    60 | D:1      | Reached XP level 2. HP: 24/24 MP: 2/2
   362 | D:1      | Reached skill level 1 in Dodging
   793 | D:2      | Found a faded altar of an unknown god.
   793 | D:2      | Found a shimmering blue altar of Sif Muna.
   944 | D:2      | Noticed Sigmund
   957 | D:2      | Killed Sigmund
   958 | D:2      | Reached skill level 3 in Short Blades
   958 | D:2      | Gained mutation: You sometimes gain a little power by
                  | taking damage. [demonic ancestry]
   958 | D:2      | Reached XP level 3. HP: 12/29 MP: 3/3
   958 | D:2      | Gained mutation: You are surrounded by a mild repulsion
                  | field. (EV +2) [demonic ancestry]
   958 | D:2      | Reached XP level 4. HP: 14/35 MP: 4/4
   958 | D:2      | Gained mutation: You are surrounded by a moderate repulsion
                  | field. (EV +3) [demonic ancestry]
   958 | D:2      | Reached XP level 5. HP: 16/41 MP: 5/5
  1510 | D:2      | Reached skill level 1 in Spellcasting
  1565 | D:3      | Reached skill level 4 in Short Blades
  1632 | D:3      | Gained mutation: You have large cloven feet. [demonic
                  | ancestry]
  1632 | D:3      | Reached XP level 6. HP: 33/47 MP: 8/8
  2100 | D:3      | Noticed Robin
  2132 | D:3      | Killed Robin
  2357 | D:3      | Found a hazy altar of Hepliaklqana.
  2379 | D:3      | Found a faded altar of an unknown god.
  2401 | D:4      | Noticed Blork the orc
  2412 | D:4      | Killed Blork the orc
  2744 | D:4      | Reached skill level 1 in Evocations
  2744 | D:4      | Reached XP level 7. HP: 50/52 MP: 11/11
  3397 | D:5      | Entered Level 5 of the Dungeon
  3408 | D:5      | Reached skill level 1 in Stealth
  3453 | D:5      | Reached skill level 1 in Throwing
  3470 | D:5      | Reached skill level 5 in Short Blades
  3661 | D:5      | Found a radiant altar of Vehumet.
  3741 | D:5      | Found a staircase to the Ecumenical Temple.
  3755 | Temple   | Entered the Ecumenical Temple
  4140 | D:5      | Reached skill level 6 in Short Blades
  4140 | D:5      | Reached XP level 8. HP: 58/58 MP: 12/12
  4266 | D:6      | Found an opulent altar of Gozag.
  4266 | D:6      | Found a sparkling altar of Nemelex Xobeh.
  4390 | D:6      | Found a runed translucent gate.
  4392 | D:6      | Found a runed translucent gate.
  4392 | D:6      | Found a runed translucent gate.
  4392 | D:6      | Noticed jasper's ghost (novice BaHs)
  4392 | D:6      | Noticed a kobold demonologist
  4889 | D:6      | Reached skill level 7 in Short Blades
  5157 | D:6      | Found a bloodstained altar of Trog.
  5240 | D:6      | Reached skill level 5 in Shields
  5319 | D:6      | Found a burning altar of Makhleb.
  5356 | D:6      | Gained mutation: When hurt, damage is shared between your
                  | health and your magic reserves. [demonic ancestry]
  5356 | D:6      | Reached XP level 9. HP: 28/57 MP: 9/13
  5613 | D:6      | Killed a kobold demonologist
  5614 | D:6      | Reached skill level 8 in Short Blades
  5622 | D:6      | Killed jasper's ghost
  5640 | D:6      | Reached skill level 9 in Short Blades
  7240 | D:8      | Noticed Erica
  7265 | D:8      | Succumbed to Erica's bolt of poison

Illustrated notes

Levels and vault maps discovered:
D:1:      minmay_arrival_three_doors, layout_basic, roderic_cross_of_infinity,
          st_stairs_4
D:2:      layout_loops_ring, chequers_ecumenical_altar_simple, basic_altar,
          uniq_sigmund
D:3:      layout_loops_cross, beargit_hepliaklqana_dungeon_heroes, uniq_robin
D:4:      layout_cave_pods, uniq_blork_the_orc
D:5:      layout_rooms, nicolae_vehumet_radiance,
          minmay_temple_entry_butterflies, serial_glass, glass_columns_a,
          glass_columns_b, due_unseen_surprise
D:6:      layout_loops_ring, grunt_temple_overflow_opulence, bloody_makhleb,
          nicolae_overflow_crystal_walls, gammafunk_ghost_nasty_kobolds
D:7:      layout_basic
D:8:      layout_gridville, lemuel_round_altar, kennysheep_slug_shrine,
          serial_shops, shop, uniq_psyche, uniq_erica, uniq_pikel, uniq_joseph
Temple:   nicolae_temple_hex_pool

Skill      XL: |  1  2  3  4  5  6  7  8  9 |
---------------+----------------------------+-----
Short Blades   | 2 3 4 6 7 9 |  9.6
Armour         | 3 |  3.0
Dodging        | 3 |  3.4
Spellcasting   | 1 3 |  3.0
Evocations     | 1 2 |  2.0
Shields        | 4 5 6 |  6.6
Stealth        | 1 2 |  2.0
Throwing       | 1 2 |  2.8
Fighting       | |  3.0

Action                     |  1- 3 |  4- 6 |  7- 9 || total
---------------------------+-------+-------+-------++-------
  Melee: Rapier            |    44 |       |    34 ||    78
         Short sword       |    37 |   246 |   607 ||   890
         Kick              |       |    31 |   208 ||   239
         Scimitar          |       |       |     3 ||     3
  Throw: Stone             |       |     5 |    25 ||    30
         Javelin           |       |       |     7 ||     7
         Dart              |       |       |     1 ||     1
         Throwing net      |       |       |     1 ||     1
    Use: Scroll            |       |     4 |     5 ||     9
         Potion            |       |     1 |     9 ||    10
   Stab: Held in net/web   |       |       |     1 ||     1
 Armour: Scale mail        |    41 |    67 |   194 ||   302
         Chain mail        |       |    43 |   184 ||   227
  Dodge: Dodged            |    30 |   132 |   255 ||   417
  Block: Buckler           |    12 |    39 |       ||    51
         Kite shield       |       |    27 |   303 ||   330

Table legend: (Time is in decaauts)
 A = Elapsed time spent in this place.
 B = Non-inter-level travel time spent in this place.
 C = Inter-level travel time spent in this place.
 D = Time resting spent in this place.
 E = Time spent auto-exploring this place.
 F = Levels seen in this place.
 G = Mean time per level.
                   A        B        C        D        E       F      G
               +--------+--------+--------+--------+--------+-----+--------+
         Total |   7101 |   6852 |    249 |   1326 |   3825 |   9 |  789.0 |
       Dungeon |   7097 |   6848 |    249 |   1326 |   3825 |   8 |  887.1 |
        Temple |      4 |      4 |      0 |      0 |      0 |   1 |    4.0 |
               +--------+--------+--------+--------+--------+-----+--------+

Top non-repeatable levels by time:
     D:6: 1689 daAuts
     D:7: 1021 daAuts
     D:4: 988 daAuts
     D:3: 821 daAuts
     D:2: 789 daAuts
     D:1: 759 daAuts
     D:5: 729 daAuts
     D:8: 297 daAuts
  Temple: 4 daAuts
